General information
- name: BNet
- type: Ladder team game (AT/RT)
- host: Battle.net
- saver: wishfulthinking
map: PhantomGrove
- players: 4
- length: 12:01
- speed: Fast
- version: 1.24 W3XP
- replay type: Public
» download(67 KB)
Players
team 1 (loser)
HarleyDavidson (
orange | 45 APM | 536 actions | 11:59)
3 Tauren Chieftain
2 Endurance Aura
1 War Stomp
» actions
| Basic commands | 20 | |
| Build / train | 33 | |
| Enter build submenu | 9 | |
| Enter hero's abilities submenu | 3 | |
| Right click | 237 | |
| Select / deselect | 195 | |
| Use ability | 39 | |
536 total
» units
» upgrades
» buildings
| Orc Burrow | 4 | |
| Altar of Storms | 1 | |
| Barracks | 1 | |
| Voodoo Lounge | 1 | |
| War Mill | 1 | |
| Stronghold | 1 | |
9 total
» build order
00:06 Orc Burrow
00:09 Altar of Storms
00:52 Barracks
01:39 Orc Burrow
02:19 Orc Burrow
02:56 Voodoo Lounge
03:29 War Mill
04:40 Orc Burrow
05:22 Stronghold
» items
| Lesser Clarity Potion | 3 | |
| Healing Salve | 1 | |
| Potion of Healing | 1 | |
| Potion of Mana | 1 | |
6 total

»
tirinus (
blue | 68 APM | 758 actions | 11:10)
2 Death Knight
1 Death Coil
1 Unholy Aura
1 Lich
1 Frost Nova
» actions
| Assign group hotkey | 33 | |
| Basic commands | 60 | |
| Build / train | 29 | |
| Enter build submenu | 9 | |
| Enter hero's abilities submenu | 3 | |
| Remove unit from queue | 2 | |
| Right click | 343 | |
| Select / deselect | 122 | |
| Select group hotkey | 124 | |
| Use ability | 33 | |
758 total
» units
| Acolyte | 2 | |
| Ghoul | 2 | |
| Crypt Fiend | 12 | |
16 total
» upgrades
» buildings
| Graveyard | 1 | |
| Crypt | 1 | |
| Altar of Darkness | 2 | |
| Ziggurat | 3 | |
| Tomb of Relics | 1 | |
| Halls of the Dead | 1 | |
| Black Citadel | 1 | |
| Slaughterhouse | 1 | |
11 total
» build order
00:03 Graveyard
00:08 Crypt
00:41 Altar of Darkness
00:44 Altar of Darkness
01:06 Ziggurat
01:19 Ziggurat
01:32 Tomb of Relics
03:43 Halls of the Dead
04:16 Ziggurat
06:31 Black Citadel
08:59 Slaughterhouse
» items
| Rod of Necromancy | 1 | |
| Dust of Appearance | 1 | |
2 total
team 2 (winner)
Ry-Masta-T (
teal | 102 APM | 1225 actions | 12:00)
5 Death Knight
3 Death Coil
2 Unholy Aura
2 Naga Sea Witch
1 Frost Arrows
1 Forked Lightning
» actions
| Assign group hotkey | 54 | |
| Basic commands | 18 | |
| Build / train | 38 | |
| Enter build submenu | 10 | |
| Enter hero's abilities submenu | 7 | |
| Right click | 531 | |
| Select / deselect | 160 | |
| Select group hotkey | 342 | |
| Use ability | 65 | |
1225 total
» units
| Acolyte | 3 | |
| Ghoul | 3 | |
| Crypt Fiend | 11 | |
| Obsidian Statue | 1 | |
18 total
» upgrades
» buildings
| Crypt | 1 | |
| Graveyard | 1 | |
| Altar of Darkness | 1 | |
| Ziggurat | 4 | |
| Tomb of Relics | 1 | |
| Nerubian Tower | 3 | |
| Halls of the Dead | 3 | |
| Slaughterhouse | 1 | |
| Black Citadel | 1 | |
16 total
» build order
00:09 Crypt
00:13 Graveyard
00:39 Altar of Darkness
00:48 Ziggurat
01:26 Tomb of Relics
01:56 Ziggurat
03:24 Nerubian Tower
03:24 Nerubian Tower
04:26 Halls of the Dead
04:26 Halls of the Dead
04:51 Ziggurat
05:24 Ziggurat
08:44 Slaughterhouse
10:01 Black Citadel
» items
wishfulthinking (
green | 154 APM | 1852 actions | 12:01)
4 Priestess of the Moon
2 Searing Arrows
2 Trueshot Aura
» actions
| Assign group hotkey | 25 | |
| Basic commands | 44 | |
| Build / train | 29 | |
| ESC pressed | 3 | |
| Enter build submenu | 15 | |
| Enter hero's abilities submenu | 4 | |
| Right click | 1054 | |
| Select / deselect | 218 | |
| Select group hotkey | 428 | |
| Use ability | 32 | |
1852 total
» units
» buildings
| Altar of Elders | 1 | |
| Moon Well | 7 | |
| Hunter's Hall | 1 | |
| Ancient of War | 2 | |
| Ancient of Wonders | 1 | |
| Tree of Ages | 1 | |
| Tree of Life | 1 | |
| Tree of Eternity | 1 | |
| Ancient of Lore | 2 | |
17 total
» build order
00:05 Altar of Elders
00:19 Moon Well
01:27 Hunter's Hall
01:43 Ancient of War
02:05 Ancient of War
02:20 Moon Well
02:21 Moon Well
03:52 Moon Well
06:35 Moon Well
06:40 Ancient of Wonders
08:48 Tree of Ages
09:06 Moon Well
09:07 Moon Well
10:59 Tree of Life
11:40 Tree of Eternity
11:45 Ancient of Lore
11:47 Ancient of Lore
Chat log
(10:41 / All) HarleyDavidson: gj
(10:44 / All) HarleyDavidson: ggs
(10:45 / All) wishfulthinking: GG
(10:47 / All) Ry-Masta-T: gg
(10:50 / All) tirinus: gg
(11:32 / All) wishfulthinking: leave
(11:55 / All) HarleyDavidson: was eating chill the fuck out